 Dungeon Crawl Stone Soup version 0.26-a0-215-g1b87330c0f (webtiles) character file.

Game seed: 4534992411426427557

203 BritishOli the Slasher (level 5, -2/41 HPs)
             Began as a Demonspawn Gladiator on July 6, 2020.
             Slain by a scorpion (4 damage)
             ... on level 4 of the Dungeon.
             The game lasted 00:03:48 (3320 turns).

BritishOli the Slasher (Demonspawn Gladiator)       Turns: 3320, Time: 00:03:49

Health: -2/41      AC:  7    Str: 14 (15) XL:     5   Next: 51%
Magic:  5/5        EV:  9    Int:  7 (10) God:
Gold:   299        SH: 10    Dex: 12 (14) Spells: 4/4 levels left

rFire    . . .     SeeInvis .   a - +0 long sword
rCold    . . .     Faith    +   h - +2 kite shield
rNeg     . . .     Spirit   .   q - +0 ring mail
rPois    .         Reflect  .   (helmet restricted)
rElec    .         Harm     +   A - scarf {harm}
rCorr    .                      B - +0 pair of gloves
MR       .....                  g - +0 pair of boots
Stlth    +.........             e - amulet of faith
HPRegen  0.13/turn              z - ring of wizardry
MPRegen  0.09/turn              (no ring)

@: lethally poisoned (-2 -> -9)
A: antennae 2, rot immunity
a: no special abilities


You were on level 4 of the Dungeon.
You were not hungry.

You visited 1 branch of the dungeon, and saw 4 of its levels.

You collected 299 gold pieces.

Inventory:

Hand Weapons
 a - a +0 long sword (weapon)
Missiles
 d - 4 throwing nets (quivered)
Armour
 c - a +0 helmet
 g - a +0 pair of boots (worn)
 h - a +2 kite shield (worn)
 q - a +0 ring mail (worn)
 A - a scarf of harm (worn)
 B - a +0 pair of gloves (worn)
Jewellery
 e - an amulet of faith (around neck)
 z - a ring of wizardry (left hand)
Wands
 y - a wand of clouds (7)
Scrolls
 b - a scroll of fear {unknown}
 k - 2 scrolls of teleportation {unknown}
 n - 5 scrolls of identify {unknown}
 o - a scroll of fog {unknown}
 r - a scroll of enchant armour {unknown}
 w - 2 scrolls of remove curse {unknown}
 x - a scroll of enchant weapon {unknown}
Potions
 i - 2 potions of invisibility {unknown}
 l - 2 potions of degeneration
 m - a potion of haste {unknown}
 p - a potion of cancellation {unknown}
 s - a potion of heal wounds {unknown}
 t - a potion of berserk rage {unknown}
 u - a potion of might {unknown}
 v - a potion of magic {unknown}
Comestibles
 f - 2 rations


   Skills:
 + Level 3.1 Fighting
 + Level 3.5 Long Blades
 - Level 2.0 Throwing
 + Level 2.0 Armour
 - Level 3.1 Dodging
 + Level 2.1 Shields


You had 4 spell levels left.
You didn't know any spells.
Your spell library was empty.

Dungeon Overview and Level Annotations

Branches:
Dungeon (4/15)
 Temple: D:4-7

Altars:
Makhleb
Wu Jian


Innate Abilities, Weirdness & Mutations

You have a pair of antennae on your head.
You are immune to rotting.


Message History

The scorpion poisons you!
You feel better. The scorpion stings you.
* * * LOW HITPOINT WARNING * * *
You hit the scorpion.
The scorpion is severely wounded.
The scorpion stings you.
* * * LOW HITPOINT WARNING * * *
You are lethally poisoned!
The scorpion poisons you!
You hit the scorpion.
The scorpion is severely wounded.
* * * LOW HITPOINT WARNING * * *
You feel sick.
The scorpion stings you but does no damage.
It was a potion of degeneration.
There was something very wrong with that liquid.
You feel weakened.
You feel dopey.
You feel clumsy.
* * * LOW HITPOINT WARNING * * *
You feel sick. The scorpion stings you.
You die...

+.....[..# { #.........
#..(###..###
###......†.. #..
#..#.#######.##.....#..
#.
#....#..............#..
#
#.#..#..............#..
#......#####....#####..
#.#.>#.# #....# ..{
#.#..#s# ###### ...
#.#..#@# .(#....#
###.#### .... ###.. ..


You could see a scorpion.

Vanquished Creatures
  A hound (D:4)
  A bullfrog skeleton (D:4)
  2 worker ants
  5 adders (D:2)
  A worm (D:2)
  3 dart slugs
  3 leopard geckos
  3 giant cockroaches (D:1)
  8 hobgoblins
  A quokka (D:3)
  A ball python (D:2)
  2 bats
  3 frilled lizards
  6 goblins
  5 kobolds
  4 rats
49 creatures vanquished.

Notes
Turn   | Place    | Note
-------+----------+-------------------------------------------
     0 | D:1      | BritishOli the Demonspawn Gladiator began the quest for the
                  | Orb.
     0 | D:1      | Reached XP level 1. HP: 16/16 MP: 1/1
   290 | D:1      | Gained mutation: You are immune to rotting. [demonic
                  | ancestry]
   290 | D:1      | Reached XP level 2. HP: 19/22 MP: 2/2
  1079 | D:2      | Reached skill level 1 in Armour
  1079 | D:2      | Reached skill level 1 in Shields
  1079 | D:2      | Reached XP level 3. HP: 6/28 MP: 3/3
  1376 | D:2      | Gained mutation: You have a pair of small antennae on your
                  | head. [demonic ancestry]
  1376 | D:2      | Reached XP level 4. HP: 21/34 MP: 4/4
  1597 | D:2      | Found an ornate altar of the Wu Jian Council.
  3168 | D:3      | Found a burning altar of Makhleb.
  3208 | D:4      | Gained mutation: You have a pair of antennae on your head.
                  | [demonic ancestry]
  3208 | D:4      | Reached XP level 5. HP: 41/41 MP: 5/5
  3314 | D:4      | HP: 2/41 [scorpion (1)]
  3320 | D:4      | HP: 2/41 [poisoned by a scorpion]
  3320 | D:4      | Slain by a scorpion

Illustrated notes

Levels and vault maps discovered:
D:1:      minmay_arrival_jagged, layout_basic
D:2:      layout_basic, lemuel_crystal_altar
D:3:      layout_loops_cross, marbit_many_paths, first_ration
D:4:      layout_basic, kennysheep_little_box, minmay_temple_entry_stoned_glass,
          tgw_trog, uniq_grinder, uniq_crazy_yiuf_cottage

Skill      XL: |  1  2  3  4  5 |
---------------+----------------+-----
Throwing       | 2 |  2.0
Long Blades    | 3 |  3.5
Armour         | 1 2 |  2.0
Dodging        | 3 |  3.1
Shields        | 1 2 |  2.1
Fighting       | 3 |  3.1

Action                   |  1- 3 |  4- 6 || total
-------------------------+-------+-------++-------
Melee: Long sword        |    83 |   119 ||   202
  Use: Potion            |     2 |     3 ||     5
 Stab: Sleeping          |     1 |       ||     1
  Eat: Ration            |     1 |     2 ||     3
Armor: Leather armour    |    24 |       ||    24
       Ring mail         |    21 |    33 ||    54
Dodge: Dodged            |    42 |    49 ||    91
Block: Kite shield       |    54 |    60 ||   114
       Rpst.: Long sword |    13 |    12 ||    25

Table legend:
 A = Non-vault XP
 B = Vault XP
 C = Vault XP percentage of total XP
 D = Non-vault monster count
 E = Vault monster count
 F = Vault count percentage of total count
                 A         B        C        D         E       F
            +---------+---------+-------+---------+---------+-------
      Total |     289 |       2 |   0.7 |      48 |       1 |   2.0
            +---------+---------+-------+---------+---------+-------
        D:1 |      23 |       0 |   0.0 |      11 |       0 |   0.0
        D:2 |     128 |       0 |   0.0 |      19 |       0 |   0.0
        D:3 |      26 |       2 |   7.1 |      15 |       1 |   6.2
        D:4 |     112 |       0 |   0.0 |       3 |       0 |   0.0
            +---------+---------+-------+---------+---------+-------
